 Dungeon Crawl Stone Soup version 0.20.1-1-g8b1a95d (webtiles) character file.

53 Knicklaso the Conjurer (level 3, 0/26 HPs)
             Began as a Draconian Conjurer on July 15, 2017.
             Slain by Crazy Yiuf
             ... wielding a +3 quarterstaff of chaos
              (9 damage)
             ... on level 2 of the Dungeon.
             The game lasted 00:07:21 (1702 turns).

Knicklaso the Conjurer (Draconian Conjurer)         Turns: 1702, Time: 00:07:22

Health: 0/26       AC:  6    Str: 11    XL:     3   Next: 62%
Magic:  0/6        EV: 12    Int: 15    God:
Gold:   90         SH:  0    Dex: 11    Spells: 5/6 levels left

rFire    . . .     SeeInvis .   (no weapon)
rCold    . . .     Gourm    .   (no shield)
rNeg     . . .     Faith    .   (armour unavailable)
rPois    .         Spirit   .   (helmet restricted)
rElec    .         Reflect  .   g - scarf {cloud immunity}
rCorr    .         Harm     .   h - +0 pair of gloves {archery}
MR       .....                  (no boots)
Stlth    ++........             (no amulet)
Regen    0.1/turn               (no ring)
MPRegen  0.1/turn               (no ring)

@: no status effects
A: unfitting armour, cold-blooded, AC +5
a: no special abilities


You were on level 2 of the Dungeon.
You were hungry.

You visited 1 branch of the dungeon, and saw 2 of its levels.

You collected 90 gold pieces.

Inventory:

Hand Weapons
 f - a +1 antimagic dagger
 r - a +0 quarterstaff
Armour
 g - a scarf of cloud immunity (worn)
 h - a +0 pair of gloves of archery (worn)
Jewellery
 p - a cursed ring of teleportation {unknown}
Scrolls
 c - a scroll of noise {unknown}
 e - 2 scrolls of identify {unknown}
 i - a scroll of recharging {unknown}
 k - a scroll of enchant weapon {unknown}
 n - a scroll of teleportation {unknown}
 o - 2 scrolls of enchant armour {unknown}
 q - a scroll of fog {unknown}
Potions
 m - a potion of flight {unknown}
Books
 a - a book of Conjurations

   Spells                             Type                      Level
   a - Magic Dart                     Conjuration                  1
   b - Searing Ray                    Conjuration                  2
   c - Dazzling Spray                 Conjuration/Hexes            3
   d - Fulminant Prism                Conjuration/Hexes            4
   e - Force Lance                    Conjuration/Translocation    4
   f - Iskenderun's Mystic Blast      Conjuration                  4
Comestibles
 b - a bread ration
 d - 5 chunks of flesh
 j - 2 fruits
 l - a meat ration


   Skills:
 - Level 1.7 Dodging
 - Level 1.7 Stealth
 - Level 2.0 Spellcasting
 + Level 5.4 Conjurations


You had 5 spell levels left.
You knew the following spells:

 Your Spells              Type           Power        Failure   Level  Hunger
a - Magic Dart            Conj           ###.         2%          1    #......


Dungeon Overview and Level Annotations

Branches:
Dungeon (2/15)

Altars:

Annotations:
D:2 Crazy Yiuf


Innate Abilities, Weirdness & Mutations

Your plain brown scales are hard. (AC +5)
You cannot fit into any form of body armour.
You are cold-blooded and may be slowed by cold attacks.


Message History

Crazy Yiuf is moderately wounded.
Crazy Yiuf hits you with a quarterstaff of chaos!
Crazy Yiuf freezes you.
Casting: Magic Dart
Confirm with . or Enter, or press ? or * to list all spells.
Aiming: Magic Dart
Press: ? - help, Shift-Dir - straight line, f/p - Crazy Yiuf
Aim: Crazy Yiuf, wielding a quarterstaff of chaos and wearing a cloak (moderately wounded)
The magic dart hits Crazy Yiuf.
Crazy Yiuf is moderately wounded.
Casting: Magic Dart
Confirm with . or Enter, or press ? or * to list all spells.
Aiming: Magic Dart
Press: ? - help, Shift-Dir - straight line, f/p - Crazy Yiuf
Aim: Crazy Yiuf, wielding a quarterstaff of chaos and wearing a cloak (moderately wounded)
The magic dart hits Crazy Yiuf.
Crazy Yiuf is heavily wounded.
You are feeling hungry.
Crazy Yiuf hits you with a quarterstaff of chaos!
You die...

#...... #......
####################......
#.............<...........
#.#################.......
#.# #....... #.###♣♣♣♣♣
#.^..... #.#....♣.♣♣♣ ###
#..#.... #.......♣@g♣#...#
####.... #......♣♣♣♣.'...#
#.... ##....♣♣ ♣♣#..)#
#.... ####♣♣ ### #....
#.... #.... #.... #....
#....


You could see Crazy Yiuf.

Vanquished Creatures
  2 adders (D:2)
  2 leopard geckos (D:2)
  3 giant cockroaches
  4 goblins
  3 hobgoblins
  3 bats (D:1)
  4 frilled lizards
  7 kobolds
  7 rats
35 creatures vanquished.

Notes
Turn   | Place    | Note
-------+----------+-------------------------------------------
     0 | D:1      | Knicklaso the Draconian Conjurer began the quest for the Orb.
     0 | D:1      | Reached XP level 1. HP: 14/14 MP: 3/3
   448 | D:1      | Reached XP level 2. HP: 11/20 MP: 5/5
  1261 | D:2      | Reached skill level 5 in Conjurations
  1317 | D:2      | Reached XP level 3. HP: 26/26 MP: 3/6
  1688 | D:2      | Found a runed door.
  1694 | D:2      | Noticed Crazy Yiuf
  1702 | D:2      | Slain by Crazy Yiuf

Skill      XL: |  1  2 |
---------------+-------+-----
Conjurations   | 5 |  5.4
Dodging        | |  1.7
Stealth        | |  1.7
Spellcasting   | |  2.0

Action                   || total
-------------------------++-------
Melee: Unarmed           ||   113
       Tailslap          ||     2
 Cast: Magic Dart        ||    47
 Stab: Distracted        ||     1
  Eat: Chunk             ||     3
Armor: Skin              ||    56
Dodge: Dodged            ||   104
